 Dungeon Crawl Stone Soup version 0.29-a0-323-g050149af67 (webtiles) character file.

Game seed: 13447659897564066971

99 Jortsu the Vandal (level 4, -3/42 HPs)
             Began as a Troll Hunter on Apr 11, 2022.
             Slain by Robin
             ... wielding a +0 falchion
              (9 damage)
             ... on level 2 of the Dungeon.
             The game lasted 00:06:32 (1239 turns).

Jortsu the Vandal (Troll Hunter)                    Turns: 1239, Time: 00:06:33

Health: -3/42      AC:  4    Str: 19    XL:     4   Next: 45%
Magic:  3/3        EV: 10    Int:  5    God:
Gold:   56         SH:  0    Dex: 15    Spells: 3/3 levels left

rFire   . . .      SeeInvis .   a - +2 hunting sling
rCold   . . .      Faith    .   (no shield)
rNeg    . . .      Spirit   .   b - +0 robe
rPois   .          Reflect  .   (helmet restricted)
rElec   .          Harm     .   (no cloak)
rCorr   .          Rampage  .   (gloves unavailable)
Will    +....                   (boots unavailable)
Stlth   ++........              (no amulet)
HPRegen 0.94/turn               k - ring of willpower
MPRegen 0.08/turn               (no ring)

@: no status effects
A: large, unfitting armour, claws 3, regeneration 1, shaggy fur 1, tough skin 1
a: no special abilities


You were on level 2 of the Dungeon.
You visited 1 branch of the dungeon, and saw 2 of its levels.

You collected 56 gold pieces.

Inventory:

Hand Weapons
 a - a +2 hunting sling (weapon)
Armour
 b - a +0 robe (worn)
Jewellery
 k - a ring of willpower (left claw)
Scrolls
 c - a scroll of immolation
Potions
 d - a potion of might
 e - a potion of attraction
 f - a potion of invisibility {unknown}
 h - a potion of brilliance {unknown}
 i - a potion of degeneration {unknown}


   Skills:
 + Level 1.7 Fighting
 + Level 3.8 Slings
 + Level 2.0 Dodging
 + Level 0.4 Stealth


You had 3 spell levels left.
You didn't know any spells.
Your spell library was empty.

Dungeon Overview and Level Annotations

Branches:
Dungeon (2/15)

Altars:

Annotations:
D:2 Robin


Innate Abilities, Weirdness & Mutations

You are too large for most types of armour.
You have claws for hands.
Your natural rate of healing is unusually fast.
You are covered in fur. (AC +1)
You have tough skin. (AC +1)


Message History

Robin is lightly wounded.
Robin hits you but does no damage.
Fire: a) +2 hunting sling
Press: ? - help, Q - select action Shift-Dir - straight line, f/p - Robin
Aim: Robin, wielding a +0 falchion, wearing a +0 animal skin and wearing a +0 helmet (lightly wounded, strong, 67% to hit)
You shoot a sling bullet. The sling bullet hits Robin.
Robin is heavily wounded.
Robin hits you with a +0 falchion! Robin closely misses you.
Fire: a) +2 hunting sling
Press: ? - help, Q - select action Shift-Dir - straight line, f/p - Robin
Aim: Robin, wielding a +0 falchion, wearing a +0 animal skin and wearing a +0 helmet (heavily wounded, strong, 67% to hit)
You shoot a sling bullet.
The sling bullet completely misses Robin.
Robin hits you with a +0 falchion!
Fire: a) +2 hunting sling
Press: ? - help, Q - select action Shift-Dir - straight line, f/p - Robin
Aim: Robin, wielding a +0 falchion, wearing a +0 animal skin and wearing a +0 helmet (heavily wounded, strong, 67% to hit)
You shoot a sling bullet. The sling bullet hits Robin.
Robin is heavily wounded.
Robin barely misses you.
Fire: a) +2 hunting sling
Press: ? - help, Q - select action Shift-Dir - straight line, f/p - Robin
Aim: Robin, wielding a +0 falchion, wearing a +0 animal skin and wearing a +0 helmet (heavily wounded, strong, 67% to hit)
You shoot a sling bullet.
The sling bullet hits Robin but does no damage.
Robin is heavily wounded.
Robin hits you with a +0 falchion!
Fire: a) +2 hunting sling
Press: ? - help, Q - select action Shift-Dir - straight line, f/p - Robin
Aim: Robin, wielding a +0 falchion, wearing a +0 animal skin and wearing a +0 helmet (heavily wounded, strong, 67% to hit)
You shoot a sling bullet. The sling bullet hits Robin!
Robin is almost dead.
Robin hits you with a +0 falchion! x2
* * * LOW HITPOINT WARNING * * *
Fire: a) +2 hunting sling
Press: ? - help, Q - select action Shift-Dir - straight line, f/p - Robin
Aim: Robin, wielding a +0 falchion, wearing a +0 animal skin and wearing a +0 helmet (almost dead, strong, 67% to hit)
You shoot a sling bullet. The sling bullet closely misses Robin.
Robin hits you with a +0 falchion!
You die...

#............ ............
.......... . ##.......# ..
#..?.....#####.... .#
#...........[.... #.#
#.....†..###...##>
#.#####..#g#...#......
####..####.##@###.......#
#.....#........<........#
#..........##...#.......#
#..............#....##.>.
#..........##.##....# ##
###..##....##....#....
##..................###
##.........†...##.......
##...........<..##..#..######.


You could see Robin (strong).

Vanquished Creatures
  Terence (D:1)
  3 gnolls (D:1)
  A worm (D:1)
  3 dart slugs
  2 ball pythons
  2 endoplasms (D:1)
  9 goblins (D:1)
  6 hobgoblins
  3 kobolds (D:1)
  4 bats
  A frilled lizard (D:2)
  A rat (D:1)
36 creatures vanquished.

Notes
Turn   | Place    | Note
-------+----------+-------------------------------------------
     0 | D:1      | Jortsu the Troll Hunter began the quest for the Orb.
     0 | D:1      | Reached XP level 1. HP: 19/19 MP: 0/0
   282 | D:1      | Reached skill level 3 in Slings
   288 | D:1      | Reached XP level 2. HP: 27/27 MP: 1/1
   529 | D:1      | Reached XP level 3. HP: 23/35 MP: 2/2
   911 | D:2      | Noticed Terence
   956 | D:1      | Killed Terence
   957 | D:1      | Reached XP level 4. HP: 8/42 MP: 3/3
  1134 | D:2      | Noticed Robin
  1239 | D:2      | Slain by Robin

Illustrated notes

Levels and vault maps discovered:
D:1:      grunt_arrival_crossed_arrows, layout_basic, kennysheep_another_room,
          minmay_misc_feat_tiny
D:2:      layout_rooms, hellmonk_ecumenical_altar_crossroads, uniq_robin,
          uniq_terence

Skill      XL: |  1  2  3  4 |
---------------+-------------+-----
Slings         | 3 |  3.8
Dodging        | 2 |  2.0
Fighting       | |  1.7
Stealth        | |  0.4

Action                   |  1- 3 |  4- 6 || total
-------------------------+-------+-------++-------
 Fire: Hunting sling     |    80 |    64 ||   144
  Use: Scroll            |     6 |       ||     6
Armor: Robe              |    11 |    27 ||    38
Dodge: Dodged            |    27 |    44 ||    71

Table legend: (Time is in decaauts)
 A = Elapsed time spent in this place.
 B = Non-inter-level travel time spent in this place.
 C = Inter-level travel time spent in this place.
 D = Time resting spent in this place.
 E = Time spent auto-exploring this place.
 F = Levels seen in this place.
 G = Mean time per level.
                   A        B        C        D        E       F      G
               +--------+--------+--------+--------+--------+-----+--------+
         Total |   1292 |   1263 |     29 |    181 |    706 |   2 |  646.0 |
       Dungeon |   1292 |   1263 |     29 |    181 |    706 |   2 |  646.0 |
               +--------+--------+--------+--------+--------+-----+--------+

Top non-repeatable levels by time:
     D:1: 1138 daAuts
     D:2: 154 daAuts
